Map: Old Republic LE

Players

HoldTheDoor - Winner!

  • Race: Protoss Protoss
  • League: Diamond
  • Spawn Location: 1:00

Nevera

  • Race: Protoss Protoss
  • League: Diamond
  • Spawn Location: 7:00

VOD

Have the link to the VOD?

Description

Time

  • Played on: May 1, 2026, 11:30 a.m.
  • Length: 11:36
Show
View Real Time Build Order
Export as new Build Order

HoldTheDoor Protoss - Winner!

Build Orders: Zealot Archon 

Get SALT Encoding   

  12  0:00  Probe  
  13  0:12  Probe  
  14  0:19  Pylon  
  14  0:24  Probe  
  15  0:34  Probe  
  15  0:42  Probe, Gateway  
  16  0:49  Assimilator  
  17  0:52  Probe  
  18  1:01  Assimilator  
  18  1:09  Probe  
  19  1:22  Probe  
  20  1:27  Gateway  
  20  1:32  Cybernetics Core  
  20  1:36  Probe  
  21  1:43  Pylon  
  21  1:48  Probe  
  22  2:00  Probe  
  23  2:02  Stalker  
  23  2:03  Stalker  
  23  2:12  Probe  
  28  2:16  Warp Gate  
  28  2:27  Pylon  
  28  2:28  Probe  
  29  2:38  Sentry  
  29  2:43  Pylon, Stalker  
  33  2:56  Probe  
  34  3:08  Probe  
  35  3:20  Probe  
  35  3:25  Nexus  
  36  3:32  Probe  
  37  3:34  Twilight Council  
  37  3:44  Probe  
  38  3:57  Probe, Shield Battery  
  39  4:04  Zealot x2  
  39  4:09  Probe  
  44  4:19  Charge  
  44  4:21  Probe  
  45  4:25  Zealot  
  45  4:29  Pylon  
  47  4:32  Gateway  
  47  4:34  Gateway  
  47  4:37  Probe  
  48  4:39  Probe  
  48  4:40  Pylon  
  45  4:54  Stalker  
  45  4:55  Stalker  
  49  5:07  Probe  
  49  5:11  Shield Battery  
  49  5:14  Probe, Shield Battery  
  51  5:19  Zealot, Probe  
  51  5:20  Zealot  
  56  5:26  Probe  
  57  5:29  Zealot x2  
  57  5:34  Robotics Facility  
  61  5:36  Probe  
  61  5:39  Probe  
  63  5:45  Templar Archives  
  63  5:48  Probe  
  63  5:49  Pylon  
  64  5:51  Zealot  
  64  5:52  Zealot  
  64  5:54  Sentry  
  64  5:55  Zealot  
  72  6:01  Probe  
  73  6:07  Probe  
  74  6:12  Zealot x2  
  74  6:15  Probe  
  73  6:46  Nexus  
  73  6:47  Pylon  
  73  6:48  Zealot x2  
  73  6:50  Pylon  
  73  6:52  Pylon  
  77  6:57  Pylon  
  77  7:00  Pylon  
  77  7:02  Gateway, Probe  
  77  7:04  Gateway  
  77  7:06  Gateway, Blink  
  77  7:07  Gateway  
  78  7:09  Observer  
  78  7:15  Sentry  
  81  7:17  Zealot x2  
  81  7:19  Zealot  
  87  7:32  Forge  
  87  7:34  Gateway  
  87  7:36  Gateway  
  87  7:41  Probe  
  87  7:43  Assimilator  
  88  7:46  Assimilator  
  88  7:48  Pylon  
  88  7:50  High Templar x4  
  96  7:54  Protoss Ground Weapons Level 1, Archon x2  
  96  7:58  Probe x2  
  98  7:59  Probe  
  98  8:05  Assimilator  
  99  8:09  Warp Prism  
  101  8:14  Photon Cannon  
  101  8:19  Photon Cannon  
  101  8:27  Pylon  
  101  8:28  Probe x2  
  101  8:29  Probe  
  101  8:33  Pylon  
  104  8:37  Photon Cannon  
  104  8:39  Photon Cannon  
  104  8:48  High Templar x2  
  108  9:03  High Templar x2  
  108  9:07  Archon x2  
  108  9:08  Zealot x4  
  108  9:09  Zealot x2  
  124  9:12  Probe x3  
  127  9:18  Photon Cannon  
  127  9:24  Immortal, Probe x2  
  131  9:28  Gateway  
  131  9:30  Gateway  
  133  9:35  Probe, Pylon  
  133  9:36  Probe  
  135  9:39  Probe, Assimilator  
  136  9:47  Probe  
  136  9:48  Probe  
  128  9:57  Zealot x5  
  128  9:58  Zealot  
  122  10:08  Zealot  
  122  10:10  Zealot x3  
  130  10:22  Photon Cannon  
  130  10:25  Photon Cannon, Shield Battery  
  130  10:28  Shield Battery  
  130  10:45  High Templar x8  
  130  10:49  Archon x3  
  146  10:50  Archon  
  146  10:51  Zealot x4  
  154  11:18  Zealot x7  
  148  11:19  Zealot x5  
Show
View Real Time Build Order
Export as new Build Order

Nevera Protoss 

Build Orders:  

Get SALT Encoding   

  12  0:00  Probe  
  13  0:12  Probe  
  14  0:17  Pylon  
  14  0:24  Probe  
  15  0:36  Probe  
  15  0:38  Gateway  
  16  0:48  Probe  
  17  1:00  Assimilator  
  17  1:01  Probe  
  17  1:13  Probe  
  17  1:15  Pylon  
  18  1:25  Probe  
  19  1:30  Pylon  
  19  1:37  Probe  
  19  1:39  Cybernetics Core  
  20  1:49  Probe  
  21  2:01  Probe  
  21  2:03  Stalker  
  21  2:07  Nexus  
  24  2:16  Warp Gate  
  24  2:20  Probe  
  25  2:25  Stalker  
  25  2:29  Assimilator  
  27  2:41  Probe  
  28  2:46  Stalker  
  28  2:53  Shield Battery  
  28  2:57  Pylon  
  30  3:09  Gateway  
  30  3:13  Stalker  
  32  3:28  Nexus  
  32  3:33  Pylon  
  32  3:36  Probe  
  32  3:37  Stalker  
  33  3:48  Probe  
  36  3:51  Gateway  
  36  4:00  Probe  
  37  4:12  Probe  
  37  4:13  Stalker  
  37  4:14  Stalker  
  42  4:22  Shield Battery  
  42  4:24  Probe  
  43  4:33  Forge  
  43  4:37  Probe  
  44  4:41  Probe  
  41  4:55  Probe  
  41  4:56  Probe  
  43  5:00  Stalker x2  
  43  5:02  Protoss Ground Weapons Level 1, Stalker  
  43  5:06  Probe  
  49  5:08  Probe  
  49  5:09  Assimilator  
  51  5:23  Stalker  
  51  5:24  Sentry  
  51  5:25  Sentry  
  51  5:27  Probe  
  58  5:33  Pylon  
  58  5:36  Probe  
  58  5:40  Probe  
  58  5:41  Assimilator  
  60  5:48  Sentry x2  
  60  5:49  Probe, Sentry  
  67  5:54  Photon Cannon  
  67  5:58  Probe  
  67  6:01  Probe  
  69  6:10  Probe  
  70  6:13  Probe, Robotics Facility  
  61  6:35  Protoss Ground Armor Level 1  
  61  6:38  Probe x2  
  53  6:41  Stalker x3  
  59  6:48  Gateway  
  59  6:50  Probe x2  
  59  6:51  Pylon  
  61  7:02  Probe x2  
  61  7:07  Sentry x3  
  69  7:18  Gateway, Nexus  
  69  7:30  Pylon  
  69  7:33  Twilight Council  
  69  7:37  Stalker x3  
  69  7:39  Immortal  
  75  7:45  Pylon  
  75  7:50  Stalker  
  81  8:02  Stalker x3  
  81  8:04  Charge  
  87  8:13  Immortal  
  87  8:17  Zealot  
  93  8:20  Zealot  
  95  8:29  Photon Cannon  
  95  8:32  Shield Battery, Probe  
  96  8:35  Assimilator  
  96  8:38  Assimilator  
  96  8:43  Pylon  
  96  8:44  Probe  
  97  8:51  Stalker x2  
  97  8:52  Pylon, Sentry  
  97  8:53  Sentry  
  97  8:55  Sentry  
  106  8:59  Protoss Ground Armor Level 2  
  106  9:04  Immortal  
  106  9:07  Probe x3  
  113  9:19  Probe x2  
  113  9:20  Probe  
  116  9:31  Probe  
  119  9:38  Zealot  
  119  9:39  Zealot  
  119  9:42  Zealot  
  119  9:43  Zealot  
  119  9:44  Nexus  
  119  9:55  Zealot  
  101  10:01  Immortal  
  90  10:14  Probe x3  
  90  10:15  Photon Cannon  
  90  10:19  Pylon  
  84  10:22  Sentry  
  84  10:23  Sentry x4  
  84  10:26  Probe x3  
  97  10:33  Templar Archives  
  97  10:37  Immortal  
  102  10:42  Gateway, Probe  
  102  10:43  Probe x2  
  104  10:55  Probe x2  
  105  11:05  Stalker x3  
  105  11:09  Sentry x2  
Tags
 
Composition
Zealot Archon
Matchup
PvP
Replay Pack
SC2Mai2026
Spawn Locations
Cross Positions
Add a new tag
Caveats
  • Supply blocks, unpowered buildings, or Contaminate may cause inaccurate times.
  • Supply counts are checked every 10 seconds.